 Dungeon Crawl Stone Soup version 0.29-a0-398-ge13fd1374b (webtiles) character file.

Game seed: 2211698496592748783

186 siradein the Cutter (level 5, -12/27 HPs)
             Began as a Vine Stalker Berserker on May 13, 2022.
             Was a Believer of Trog.
             Killed by divine providence
             ... invoked by an orc priest
              (16 damage)
             ... on level 5 of the Dungeon.
             The game lasted 00:04:24 (3874 turns).

siradein the Cutter (Vine Stalker Berserker)        Turns: 3874, Time: 00:04:25

Health: -12/27     AC: 12    Str: 20    XL:     5   Next: 65%
Magic:  0/6        EV:  6    Int:  7    God:    Trog [**....]
Gold:   128        SH:  5    Dex: 15    Spells: 4/4 levels left

rFire   + . .      SeeInvis .   h - +2 short sword (distort)
rCold   + . .      Faith    .   (no shield)
rNeg    . . .      Spirit   +   g - +0 plate armour
rPois   .          Reflect  +   (no helmet)
rElec   .          Harm     .   l - scarf {rC+ rF+}
rCorr   .          Rampage  .   (no gloves)
Will    .....                   j - +1 pair of boots
Stlth   ..........              q - amulet of reflection
HPRegen 0.89/turn               (no ring)
MPRegen 0.10/turn               (no ring)

@: no status effects
A: fangs 2, regeneration 1, magic shield, antimagic bite, no potion heal 2
a: Renounce Religion, Berserk, Trog's Hand


You were on level 5 of the Dungeon.
You worshipped Trog.
Trog was pleased with you.
You visited 1 branch of the dungeon, and saw 5 of its levels.

You collected 128 gold pieces.

Inventory:

Hand Weapons
 h - a +2 short sword of distortion (weapon)
Armour
 g - a +0 plate armour (worn)
 j - a +1 pair of boots (worn)
 l - a scarf of resistance (worn)
Jewellery
 p - a +6 ring of intelligence
 q - an amulet of reflection (around neck)
Scrolls
 a - a scroll of noise {unknown}
 c - a scroll of teleportation {unknown}
 d - 4 scrolls of enchant weapon
 e - a scroll of brand weapon {unknown}
 i - a scroll of fog {unknown}
 m - a scroll of fear {unknown}
 o - a scroll of silence {unknown}
Potions
 b - 2 potions of haste
 f - a potion of curing
 k - 3 potions of invisibility
 n - a potion of might {unknown}


   Skills:
 - Level 2.6 Fighting
 + Level 5.6 Short Blades
 - Level 1.5 Armour
 - Level 1.5 Dodging


You had 4 spell levels left.
You didn't know any spells.
Your spell library was empty.

Dungeon Overview and Level Annotations

Branches:
Dungeon (5/15)
 Temple: D:4-7

Altars:

Shops:
D:3 *

Annotations:
D:3 1 runed translucent door, Crazy Yiuf


Innate Abilities, Weirdness & Mutations

You have extremely sharp teeth.
Your natural rate of healing is unusually fast.
When hurt, damage is shared between your health and your magic reserves.
Your bite disrupts and absorbs the magic of your enemies.
Potions cannot restore your health.


Message History

The orc priest hits you but does no damage.
You closely miss the orc priest. Your bite misses the orc priest.
The orc priest is lightly wounded.
The orc priest invokes the aid of Beogh against you.
Beogh smites you!
You are too injured to fight recklessly!
You are too injured to fight recklessly!
An orc priest is nearby!
You barely miss the orc priest. You bite the orc priest. You drain its power.
You feel invigorated.
The orc priest is moderately wounded.
The orc priest hits you but does no damage.
You completely miss the orc priest. Your bite misses the orc priest.
The orc priest is moderately wounded.
The orc priest hits you but does no damage.
You hit the orc priest but do no damage.
You bite the orc priest. You drain its power.
You feel invigorated.
The orc priest is moderately wounded.
You block the orc priest's attack.
You hit the orc priest. Your bite misses the orc priest.
The orc priest is heavily wounded.
The orc priest blinks!
The orc priest casts a cantrip, but nothing happens.
The orc priest casts a cantrip, but nothing happens.
You closely miss the orc priest. Your bite misses the orc priest.
The orc priest is heavily wounded.
The orc priest hits you with a +0 club.
You hit the orc priest.
You bite the orc priest, but do no damage.
The orc priest is severely wounded.
The orc priest calls down the wrath of Beogh upon you.
Pain shoots through your body!
* * * LOW HITPOINT WARNING * * *
You hit the orc priest. Your bite misses the orc priest.
The orc priest is severely wounded.
The orc priest blinks!
The orc priest invokes the aid of Beogh against you.
Beogh smites you!
Ouch! That really hurt!
You die...

# +# #.#####
.#
......#####.#
#........# #
#........#
#.##...<....#
#..§........#
####.....)..#
#.@o..†..#
#........#
.....#####.#
####### #=#
#.# #.# #o#
#.# ..#


You could see an orc priest.

Vanquished Creatures
  A jelly (D:4)
  7 gnolls
  2 adders
  An ufetubus (D:3)
  2 orcs
  4 ball pythons
  3 bats
  5 endoplasms
  2 giant cockroaches
  5 goblins
  7 hobgoblins
  4 jackals (D:2)
  7 kobolds
  6 quokkas
  4 rats
60 creatures vanquished.

Vanquished Creatures (others)
  A plant (D:1)
1 creature vanquished.

Grand Total: 61 creatures vanquished

Notes
Turn   | Place    | Note
-------+----------+-------------------------------------------
     0 | D:1      | siradein the Vine Stalker Berserker began the quest for the
                  | Orb.
     0 | D:1      | Reached XP level 1. HP: 11/11 MP: 2/2
     0 | D:1      | Noticed an orb of fire
     0 | D:1      | Noticed a tentacled monstrosity
     1 | D:1      | Noticed a large abomination
     2 | D:1      | Noticed a shadow dragon
     5 | D:1      | Noticed a tentacled monstrosity
     7 | D:1      | Noticed an iron dragon
     8 | D:1      | Noticed an ice dragon
     9 | D:1      | Noticed an ice dragon
    11 | D:1      | Noticed a large abomination
    11 | D:1      | Noticed a large abomination
    13 | D:1      | Noticed an iron dragon
    15 | D:1      | Noticed an orb of fire
    15 | D:1      | Noticed a shadow dragon
    17 | D:1      | Noticed an orb of fire
    17 | D:1      | Noticed a tentacled monstrosity
    19 | D:1      | Noticed a large abomination
    21 | D:1      | Noticed an orb of fire
   247 | D:1      | Reached skill level 3 in Short Blades
   456 | D:1      | Reached XP level 2. HP: 16/16 MP: 3/3
  1278 | D:2      | Reached XP level 3. HP: 18/19 MP: 4/4
  2051 | D:2      | Reached skill level 4 in Short Blades
  2055 | D:2      | Reached ** piety under Trog
  2347 | D:3      | Found Sullomiy's Assorted Antiques.
  2489 | D:3      | Gained mutation: Your natural rate of healing is unusually
                  | fast. [Vine Stalker growth]
  2489 | D:3      | Reached XP level 4. HP: 23/23 MP: 5/5
  2514 | D:3      | Found a runed translucent door.
  2515 | D:3      | Noticed Crazy Yiuf
  3539 | D:4      | Reached skill level 5 in Short Blades
  3539 | D:4      | Reached XP level 5. HP: 24/27 MP: 4/6
  3761 | D:5      | Entered Level 5 of the Dungeon
  3874 | D:5      | Killed from afar by an orc priest

Illustrated notes

Levels and vault maps discovered:
D:1:      shiori_arrival_whats_in_store_for_you, layout_loops_ring,
          serial_forest, infiniplex_forest_end_double,
          infiniplex_forest_lined_room_, infiniplex_forest_straight_4,
          infiniplex_forest_clump_tiny, infiniplex_forest_end_2,
          infiniplex_forest_clump_tiny, infiniplex_forest_zigzag_1,
          infiniplex_forest_clump_C, infiniplex_forest_straight_5
D:2:      layout_loops_corners
D:3:      layout_basic, serial_shops, nicolae_shop_overgrown_old_shop,
          uniq_crazy_yiuf_cottage
D:4:      layout_basic
D:5:      minmay_octagon_keep, layout_loops_corners,
          minmay_temple_entry_offerings, serial_bayou_lagoon_b

Skill      XL: |  1  2  3  4 |
---------------+-------------+-----
Short Blades   | 3 4 5 |  5.6
Fighting       | |  2.6
Armour         | |  1.5
Dodging        | |  1.5

Action                   |  1- 3 |  4- 6 || total
-------------------------+-------+-------++-------
Melee: Short sword       |   111 |    48 ||   159
       Bite              |    21 |    12 ||    33
Invok: Berserk           |     1 |       ||     1
  Use: Scroll            |     4 |     2 ||     6
Armor: Animal skin       |     4 |       ||     4
       Plate armour      |    62 |    19 ||    81
Dodge: Dodged            |    36 |     6 ||    42
Block: Other             |       |     4 ||     4

Table legend: (Time is in decaauts)
 A = Elapsed time spent in this place.
 B = Non-inter-level travel time spent in this place.
 C = Inter-level travel time spent in this place.
 D = Time resting spent in this place.
 E = Time spent auto-exploring this place.
 F = Levels seen in this place.
 G = Mean time per level.
                   A        B        C        D        E       F      G
               +--------+--------+--------+--------+--------+-----+--------+
         Total |   3867 |   3727 |    140 |     14 |   3212 |   5 |  773.4 |
       Dungeon |   3867 |   3727 |    140 |     14 |   3212 |   5 |  773.4 |
               +--------+--------+--------+--------+--------+-----+--------+

Top non-repeatable levels by time:
     D:1: 1103 daAuts
     D:2: 1094 daAuts
     D:4: 886 daAuts
     D:3: 738 daAuts
     D:5: 45 daAuts
